AoeStats
← Inzeeen

Marketplace

505307643Analyzed
1v1 RM · 24d ago on Sep 8, 2026· 48m 0s· 2 players
Game mode
Random Map
Map size
Tiny (2 player)
Population
200
Speed
Normal
Resources
Standard
Victory
Conquest
Starting age
Dark Age
Ending age
Imperial Age
RankedLock teamsTeams togetherTeam positionsShared explorationLock speedFull tech treeHidden civsTurbo modeCheats
Victory
Defeat
🇨🇴 Celts · Colombia
753
+16
🇳🇱 Cumans · Netherlands
747
-38
Inzeeen
14:33 Feudal Age
18:48 Double-Bit Axe
25:16 Horse Collar
26:07 Loom
26:58 Wheelbarrow
29:55 Castle Age
31:21 Heavy Plow
31:33 Bow Saw
33:20 Hand Cart
33:20 Padded Archer Armor
33:10 Fletching
34:01 Thumb Ring
34:05 Caravan
37:40 Ballistics
39:22 Bodkin Arrow
39:43 Leather Archer Armor
40:10 Forging
40:06 Scale Barding Armor
40:33 Gold Mining
40:34 Stone Mining
40:52 Man-at-Arms
45:09 Imperial Age
44:31 Bloodlines
44:39 Murder Holes
44:17 Capped Ram
45:39 Iron Casting
45:25 Chain Barding Armor
46:39 Ring Archer Armor
MeisolMLG
0:28 Loom
12:32 Feudal Age
16:28 Double-Bit Axe
16:23 Horse Collar
24:16 Castle Age
25:08 Wheelbarrow
25:43 Bow Saw
25:36 Heavy Plow
25:48 Gold Mining
25:52 Stone Mining
26:48 Hand Cart
27:05 Caravan
32:27 Imperial Age
32:16 Gold Shaft Mining
32:18 Stone Shaft Mining
32:01 Fortified Wall
31:32 Treadmill Crane
32:07 Fortified Wall
32:10 Masonry
35:21 Forging
35:11 Scale Mail Armor
35:02 Fletching
35:12 Padded Archer Armor
34:56 Man-at-Arms
34:56 Pikeman
35:23 Gambesons
35:26 Arson
38:49 Halberdier
40:24 Stronghold
40:45 Furor Celtica
41:19 Capped Ram
42:10 Siege Ram
44:18 Elite Woad Raider
44:29 Long Swordsman
Connection lost

Rejoining the realm…

Still unreachable

The connection could not be restored.

Session expired

The server has moved on; the page needs a fresh start.